Map: Interloper LE

Players

TakeSumNotes

  • Race: Terran Terran
  • League: Gold
  • Spawn Location: 11:00

OpTDRAKE - Winner!

  • Race: Protoss Protoss
  • League: Gold
  • Spawn Location: 5:00

VOD

Have the link to the VOD?

Description

Time

  • Played on: Aug. 15, 2017, 12:44 p.m.
  • Length: 8:01
Show
View Real Time Build Order
Export as new Build Order

TakeSumNotes Terran 

Build Orders: Reaper Expand, MMM Bio 

Get SALT Encoding   

  12  0:01  SCV  
  13  0:13  SCV  
  14  0:17  Supply Depot  
  14  0:25  SCV  
  15  0:37  Refinery  
  15  0:38  SCV  
  16  0:45  Barracks  
  16  0:51  SCV  
  17  1:03  SCV  
  18  1:15  SCV  
  19  1:32  Orbital Command  
  19  1:33  Reaper  
  20  1:46  Command Center  
  20  1:57  Barracks  
  20  2:01  SCV  
  20  2:16  Barracks Reactor, SCV  
  21  2:23  Factory  
  21  2:35  SCV  
  22  2:43  Barracks Tech Lab  
  22  2:54  Marine  
  22  2:55  Supply Depot  
  23  3:06  Marine x2, Stimpack  
  23  3:07  SCV  
  23  3:11  Refinery  
  25  3:15  Orbital Command  
  25  3:17  Marine  
  25  3:19  SCV  
  27  3:31  SCV  
  28  3:36  Marine x3  
  28  3:39  Starport  
  31  3:43  SCV  
  31  3:46  SCV  
  33  3:49  Factory Reactor  
  33  3:55  SCV  
  34  3:59  SCV  
  34  4:00  Marine x2  
  34  4:01  Marine  
  38  4:08  Supply Depot  
  38  4:26  Engineering Bay  
  38  4:31  Marine x2  
  38  4:32  Marine  
  41  4:41  SCV x2  
  41  4:44  Medivac x2  
  47  4:49  Marine  
  47  4:51  Supply Depot  
  48  4:54  Terran Infantry Weapons Level 1  
  48  4:57  Factory Tech Lab  
  48  4:59  Barracks, Factory Reactor  
  48  5:05  Barracks  
  48  5:10  Combat Shields  
  42  5:30  Marine x3  
  42  5:36  SCV  
  42  5:37  SCV  
  42  5:42  Widow Mine x2  
  41  5:48  Barracks Reactor, SCV, Marauder  
  44  5:50  Marine x2  
  44  5:51  SCV  
  47  5:57  Liberator  
  47  6:01  SCV  
  47  6:04  SCV, Bunker  
  49  6:07  Marine x2  
  49  6:08  Marine  
  52  6:13  SCV  
  52  6:16  SCV  
  57  6:18  Marine  
  57  6:24  Marine  
  57  6:25  SCV, Marine  
  60  6:28  SCV  
  60  6:31  Concussive Shells  
  59  6:45  Marine x2  
  59  6:46  Marine x3  
  62  6:55  Bunker  
  62  6:56  SCV  
  62  6:57  SCV  
  61  7:10  Supply Depot  
  61  7:22  Marine  
  54  7:23  Marine  
  54  7:24  Marine  
  54  7:26  Marine x2  
  53  7:31  Widow Mine x2, Marauder  
  54  7:37  SCV x2  
  54  7:40  Marine  
  54  7:42  Marine  
  49  7:49  SCV x2  
Show
View Real Time Build Order
Export as new Build Order

OpTDRAKE Protoss - Winner!

Build Orders: 1 Gate Expand 

Get SALT Encoding   

  12  0:02  Probe (Chrono Boost)  
  13  0:13  Probe (Chrono Boost)  
  14  0:20  Pylon  
  14  0:23  Probe (Chrono Boost)  
  15  0:38  Probe (Chrono Boost)  
  16  0:43  Gateway  
  16  0:48  Probe (Chrono Boost)  
  17  0:51  Assimilator  
  17  0:59  Probe (Chrono Boost)  
  18  1:09  Probe (Chrono Boost)  
  19  1:25  Nexus  
  19  1:26  Probe (Chrono Boost)  
  20  1:37  Cybernetics Core  
  20  1:42  Assimilator  
  20  1:50  Probe (Chrono Boost)  
  20  2:23  Twilight Council  
  20  2:30  Warp Gate  
  20  2:35  Adept  
  22  2:50  Probe (Chrono Boost)  
  23  2:54  Gateway  
  23  2:56  Gateway  
  23  2:58  Pylon  
  23  3:13  Adept  
  23  3:15  Resonating Glaives (Chrono Boost)  
  23  3:17  Probe (Chrono Boost)  
  26  3:23  Mothership Core (Chrono Boost)  
  28  3:27  Probe (Chrono Boost)  
  28  3:31  Pylon  
  29  3:37  Pylon  
  29  3:41  Probe (Chrono Boost)  
  30  3:51  Probe (Chrono Boost)  
  30  3:52  Probe (Chrono Boost)  
  32  4:00  Probe (Chrono Boost)  
  33  4:03  Probe  
  34  4:11  Stargate, Probe  
  34  4:16  Probe  
  36  4:21  Probe  
  37  4:28  Probe  
  37  4:29  Pylon  
  38  4:32  Probe  
  39  4:42  Probe  
  40  4:46  Probe  
  40  4:49  Gateway  
  40  4:50  Adept x3  
  47  4:58  Probe  
  48  5:05  Pylon  
  48  5:17  Robotics Facility  
  46  5:41  Adept x3  
  44  5:50  Phoenix, Probe  
  44  5:54  Assimilator  
  47  5:59  Pylon  
  47  6:01  Probe  
  48  6:11  Adept x3  
  48  6:12  Adept  
  48  6:16  Warp Prism  
  58  6:20  Phoenix  
  58  6:45  Phoenix  
  55  6:51  Adept x4  
  63  7:22  Adept x4  
  61  7:43  Adept x4  
Tags
 
Add a new tag
Caveats
  • Supply blocks, unpowered buildings, or Contaminate may cause inaccurate times.
  • Supply counts are checked every 10 seconds.